 Seeded DCSS version 0.30-a0-424-g7412bad402 (webtiles) character file.

Game seed: 2672040522805985899 (custom seed)

7354 innerfire433 the Fighter (level 10, -5/92 HPs)
             Began as a Demonspawn Monk on Dec 10, 2022.
             Was an Elder of Ignis.
             Slain by an ogre
             ... wielding a +0 giant spiked club
             ... led by Lodul
              (13 damage)
             ... on level 10 of the Dungeon.
             The game lasted 00:20:40 (9323 turns).

innerfire433 the Fighter (Demonspawn Monk)          Turns: 9323, Time: 00:20:42

Health: -5/92      AC: 17    Str: 16    XL:     10   Next: 91%
Magic:  10/10      EV:  9    Int: 12    God:    Ignis [****..]
Gold:   556        SH:  0    Dex: 15    Spells: 9/9 levels left

rFire   + . .      SeeInvis +    b - +10 dagger "Buwuc" {venom, rC+}
rCold   + . .      Faith    .    (no shield)
rNeg    . . .      Spirit   .    h - +2 plate armour
rPois   .          Reflect  .    (no helmet)
rElec   .          Harm     .    (no cloak)
rCorr   +          Rampage  .    H - +0 pair of gloves
Will    .....                    (no boots)
Stlth   ..........               (no amulet)
HPRegen 0.35/turn                e - ring of see invisible
MPRegen 0.12/turn                j - ring of resist corrosion

@: confused, ambrosia-drunk, spiked, studying Fighting
A: sturdy frame 2, demonic magic 1, demonic touch 2
a: Renounce Religion, Fiery Armour, Foxfire Swarm, Rising Flame


You were on level 10 of the Dungeon.
You worshipped Ignis.
Ignis was greatly pleased with you.
You visited 1 branch of the dungeon, and saw 10 of its levels.

You collected 556 gold pieces.

Inventory:

Hand Weapons
 a - the +8 sling of Strategic Superiority {freeze, rElec}
   (You found it on level 7 of the Dungeon)

   Any ammunition fired from it freezes those it strikes, dealing additional
   cold damage.
   It can also slow down cold-blooded creatures.
   rElec:     It insulates you from electricity.
 b - the +10 dagger "Buwuc" (weapon) {venom, rC+}
   (You found it on level 2 of the Dungeon)

   It poisons the flesh of those it strikes.
   rC:        It protects you from cold.
 g - a +0 spear
 l - a +3 scythe of flaming
Missiles
 r - 20 poisoned darts (quivered)
 z - a silver boomerang
 F - a boomerang of dispersal
Armour
 h - a +2 plate armour (worn)
 m - a scarf of harm
 n - a +0 robe
 o - a +1 ring mail of positive energy
 H - a +0 pair of gloves (worn)
Jewellery
 e - a ring of see invisible (left hand)
 j - a ring of resist corrosion (right hand)
Wands
 c - a wand of polymorph (10)
 s - a wand of light (8)
Scrolls
 f - a scroll of blinking {unknown}
 i - a scroll of brand weapon
 k - 4 scrolls of teleportation
 u - 2 scrolls of enchant weapon
 v - 3 scrolls of silence
 y - a scroll of acquirement {unknown}
 G - 2 scrolls of fog
 I - 3 scrolls of identify
Potions
 d - 4 potions of flight
 p - 2 potions of curing
 q - 3 potions of mutation
 t - a potion of degeneration
 w - 2 potions of brilliance
 x - a potion of cancellation
 B - a potion of haste
 C - 2 potions of lignification {unknown}
 D - a potion of invisibility {unknown}
 E - 2 potions of might {unknown}


   Skills:
 * Level 13.1 Fighting
 * Level 8.5 Short Blades
 - Level 3.6 Polearms
 * Level 9.2 Armour
 - Level 2.6 Dodging
 - Level 1.7 Stealth


You had 9 spell levels left.
You didn't know any spells.
Your spell library contained the following spells:

 Spells                   Type           Power      Damage    Failure   Level
 Gell's Gravitas          Tloc           0%         N/A       100%        3
 Ignite Poison            Fire/Tmut/Pois 0%         N/A       100%        3
 Lesser Beckoning         Tloc           0%         N/A       100%        3
 Teleport Other           Tloc           0%         N/A       100%        3
 Sticky Flame             Conj/Fire      0%         2d3       100%        4
 Ignition                 Fire           0%         3d3       100%        8


Dungeon Overview and Level Annotations

Branches:
Dungeon (10/15)            Temple (0/1) D:4
   Lair: D:8-11         Orc: D:9-12

Altars:
Dithmenos
Fedhas
Kikubaaqudgha
Qazlal
Ru
Wu Jian
Yredelemnul
Ignis

Shops:
D:7 *

Annotations:
D:10 Lodul


Innate Abilities, Weirdness & Mutations

Your movements are less encumbered by armour. (ER -4)
Spells you cast may paralyse adjacent enemies.
Your touch may inflict irresistible damage on your foes.


Message History

[Y]es or [N]o only, please.
The barbs in your skin will harm you if you move.
Continue? [Y]es or [N]o only, please.
The barbs in your skin will harm you if you move.
Continue? [Y]es or [N]o only, please.
The barbs in your skin will harm you if you move.
Continue?
Okay, then.
The barbs in your skin will harm you if you move.
Continue?
The barbed spikes dig painfully into your body as you move.
The ogre hits you with a +0 giant club!!
The ogre attacks as you move away! The ogre barely misses you.
The barbed spikes dig painfully into your body as you move.
The barbed spikes dig painfully into your body as you move.
You feel less invigorated.
You feel less confused. The manticore bites you!!
* * * LOW HITPOINT WARNING * * *
The manticore misses you.
The manticore claws you but does no damage.
You hit the manticore.
The manticore looks as sick as possible!
The manticore is heavily wounded.
You hit the manticore.
The manticore looks as sick as possible!
You touch the manticore!
The manticore is almost dead.
The manticore bites you but does no damage.
The manticore claws you but does no damage.
The manticore claws you.
* * * LOW HITPOINT WARNING * * *
The ogre hits you with a +0 giant club.
* * * LOW HITPOINT WARNING * * *
An ogre comes into view.
It is wielding a +0 giant spiked club. x2
You are confused.
You feel invigorated.
The ogre shouts! x2
The ogre hits you with a +0 giant club!
* * * LOW HITPOINT WARNING * * *
The ogre hits you with a +0 giant spiked club!
You die...

#............##
#.......O.O....
#..............
#..............
#......O.......
#......O.....).
#.O.......
#OHO......
#O@O....##
#.......#
########.......#
#..............#
#............).#
#..............#
#.......########
#.......#
+.......#


You could see Lodul, a manticore (extremely poisoned) and 8 ogres.

Vanquished Creatures
  2 two-headed ogres (D:9)
  The ghost of DeathPants the Vexing, a novice VSEn (D:5)
  Joseph (D:7)
  Prince Ribbit (D:7)
  Sigmund (D:2)
  A vampire (D:10)
  2 wyverns
  3 vampire mosquitoes (D:7)
  Edmund (D:6)
  An acid dragon (D:9)
  3 water moccasins (D:7)
  Duvessa (D:5)
  2 orc warriors
  2 sky beasts
  2 black bears
  3 ice beasts
  2 ogres
  3 centaurs
  2 kobold brigands
  A gnoll sergeant (D:7)
  A bullfrog (D:8)
  3 necrophages
  4 scorpions
  8 wights
  Dowan (D:5)
  7 killer bees (D:5)
  2 howler monkeys
  5 hounds
  3 jellies
  3 orc priests
  Ijyb (D:4)
  7 iguanas
  4 orc wizards
  9 gnolls
  8 adders
  A shadow imp (D:7)
  4 white imps
  An ufetubus (D:5)
  7 worms
  3 dart slugs
  32 orcs
  4 bats
  5 endoplasms
  5 giant cockroaches
  6 goblins
  3 hobgoblins
  8 jackals
  2 quokkas
  7 ball pythons
  4 frilled lizards
  11 kobolds
  5 rats
209 creatures vanquished.

Vanquished Creatures (others)
  20 foxfires (D:5)
20 creatures vanquished.

Grand Total: 229 creatures vanquished

Notes
Turn   | Place    | Note
-------+----------+-------------------------------------------
     0 | D:1      | innerfire433 the Demonspawn Monk began the quest for the
                  | Orb.
     0 | D:1      | Reached XP level 1. HP: 18/18 MP: 1/1
   143 | D:1      | Reached skill level 1 in Armour
   143 | D:1      | Gained mutation: Your movements are slightly less
                  | encumbered by armour. (ER -2) [demonic ancestry]
   143 | D:1      | Reached XP level 2. HP: 8/24 MP: 2/2
   808 | D:2      | Gained mutation: Your movements are less encumbered by
                  | armour. (ER -4) [demonic ancestry]
   808 | D:2      | Reached XP level 3. HP: 29/29 MP: 3/3
   956 | D:2      | Found a faded altar of an unknown god.
   969 | D:2      | Prayed at the altar of an unknown god.
   969 | D:2      | Became a worshipper of Ignis, the Dying Flame
   969 | D:2      | Reached ****** piety under Ignis
   985 | D:2      | Noticed Sigmund
  1005 | D:2      | Killed Sigmund
  1006 | D:2      | Reached skill level 4 in Fighting
  1006 | D:2      | Reached XP level 4. HP: 25/37 MP: 4/4
  1006 | D:2      | Gained mutation: Spells you cast may paralyse adjacent
                  | enemies. [demonic ancestry]
  1006 | D:2      | Reached XP level 5. HP: 29/42 MP: 5/5
  1223 | D:2      | Identified the +10 dagger "Buwuc" {venom, rC+}
  1505 | D:2      | Identified the +0 helmet of Beogh's Regard {Rampage rElec
                  | Int+2 Dex+6}
  1970 | D:3      | Found a sacrificial altar of Ru.
  2116 | D:3      | Reached skill level 1 in Short Blades
  2134 | D:3      | Reached XP level 6. HP: 45/48 MP: 6/6
  2202 | D:3      | Found a faded altar of an unknown god.
  2451 | D:4      | Reached XP level 7. HP: 35/55 MP: 7/7
  2667 | D:4      | Reached skill level 5 in Fighting
  2769 | D:4      | Found a staircase to the Ecumenical Temple.
  2830 | D:4      | Found an ancient bone altar of Kikubaaqudgha.
  2831 | D:4      | Found a blossoming altar of Fedhas.
  2857 | D:4      | Noticed Ijyb
  2895 | D:4      | Killed Ijyb
  3285 | D:5      | Entered Level 5 of the Dungeon
  3322 | D:5      | Reached skill level 5 in Armour
  3341 | D:5      | Reached skill level 6 in Fighting
  3350 | D:5      | Gained mutation: Your touch may inflict minor irresistible
                  | damage on your foes. [demonic ancestry]
  3350 | D:5      | Reached XP level 8. HP: 42/65 MP: 8/8
  3733 | D:5      | Noticed DeathPants's ghost (novice VSEn)
  3762 | D:5      | Found a transporter.
  3766 | D:5      | Noticed Duvessa
  3766 | D:5      | Noticed Dowan
  3774 | D:5      | Killed Duvessa
  3775 | D:5      | Reached skill level 7 in Fighting
  3783 | D:5      | Killed Dowan
  3927 | D:5      | Found a shadowy altar of Dithmenos.
  4008 | D:5      | Found a transporter.
  4173 | D:5      | Reached skill level 8 in Fighting
  4173 | D:5      | Reached skill level 5 in Short Blades
  4194 | D:5      | Killed DeathPants's ghost
  4195 | D:5      | Reached XP level 9. HP: 35/75 MP: 9/9
  4203 | D:5      | Reached skill level 9 in Fighting
  5236 | D:6      | Reached skill level 10 in Fighting
  5332 | D:6      | Noticed Edmund
  5342 | D:6      | Killed Edmund
  6054 | D:7      | Identified the +8 sling of Strategic Superiority {freeze,
                  | rElec}
  6075 | D:7      | Noticed Joseph
  6087 | D:7      | Killed Joseph
  6316 | D:7      | Reached skill level 11 in Fighting
  6324 | D:7      | Gained mutation: Your touch may inflict irresistible damage
                  | on your foes. [demonic ancestry]
  6324 | D:7      | Reached XP level 10. HP: 74/87 MP: 10/10
  6373 | D:7      | You fall into a shaft and drop 2 floors!
  6380 | D:9      | Found a basalt altar of Yredelemnul.
  6409 | D:9      | Found a stormy altar of Qazlal.
  6640 | D:9      | Noticed a two-headed ogre
  6647 | D:9      | Killed a two-headed ogre
  7118 | D:8      | Reached skill level 12 in Fighting
  7572 | D:8      | Found an ornate altar of the Wu Jian Council.
  7907 | D:7      | Noticed Prince Ribbit
  7913 | D:7      | Killed Prince Ribbit
  8029 | D:7      | Found Iqyam's Serpentskin Sales.
  8865 | D:9      | Noticed a two-headed ogre
  8872 | D:9      | Killed a two-headed ogre
  8873 | D:9      | Reached skill level 13 in Fighting
  9088 | D:10     | Entered Level 10 of the Dungeon
  9308 | D:10     | Noticed a manticore
  9311 | D:10     | Noticed Lodul
  9323 | D:10     | Slain by an ogre

Illustrated notes

Levels and vault maps discovered:
D:1:      psy_arrival_radial02, layout_rooms
D:2:      layout_basic, ebering_ecumenical_altar_mist, grunt_decor_clamped,
          uniq_sigmund
D:3:      layout_basic, nicolae_overflow_ecumenical_swirl,
          mainiacjoe_overflow_large_starburst
D:4:      layout_rooms, grunt_temple_overflow_growth_and_decay,
          minmay_temple_entry_ruins, minmay_manual_monstrance, uniq_ijyb
D:5:      nicolae_cairo_tiling_large, layout_cave_pools,
          mainiacjoe_overflow_concentric_impassable, gammafunk_ghost_hive,
          st_stairs_13, minmay_chambers_of_fives, uniq_duvessa
D:6:      layout_layer_cave, uniq_edmund
D:7:      layout_loops_ring, guppyfry_shop_venom, uniq_prince_ribbit1,
          uniq_joseph
D:8:      layout_loops_corners, pdpol_wu_jian_five_deadly_venoms
D:9:      layout_rooms, mainiacjoe_overflow_cross_hatched,
          nicolae_overflow_crystal_walls
D:10:     minmay_the_grid_four_pointed_star_mashed
          [minmay_the_grid_triangle_9x9_corrupted_corridor,
          minmay_the_grid_triangle_9x9_shrine,
          minmay_the_grid_triangle_9x9_impossible_snake,
          minmay_the_grid_triangle_9x9_flanged_cone,
          minmay_the_grid_prize_diamond_cup], layout_gridville,
          kennysheep_orc_monster_closet_entryway, kennysheep_generic_room_15,
          uniq_maggie, uniq_erolcha, uniq_josephine, uniq_lodul

Skill      XL: |  1  2  3  4  5  6  7  8  9 10 |
---------------+-------------------------------+-----
Armour         | 1 3 4 5 6 7 9 |  9.2
Polearms       | 3 |  3.6
Fighting       | 4 6 8 11 13 | 13.1
Short Blades   | 1 2 4 5 7 8 |  8.5
Dodging        | |  2.6
Stealth        | |  1.7

Action                   |  1- 3 |  4- 6 |  7- 9 | 10-12 || total
-------------------------+-------+-------+-------+-------++-------
Melee: Spear             |   142 |       |       |       ||   142
       Dagger            |       |    98 |   308 |   175 ||   581
       Halberd           |       |     2 |       |       ||     2
       Punch             |       |     1 |     5 |     1 ||     7
       Unarmed           |       |       |    26 |       ||    26
       Touch             |       |       |    33 |    35 ||    68
 Fire: Sling             |       |       |     4 |       ||     4
Invok: Fiery Armour      |     1 |       |       |       ||     1
       Foxfire Swarm     |       |       |     2 |       ||     2
  Use: Potion            |     1 |       |     4 |     4 ||     9
       Scroll            |       |     6 |    13 |       ||    19
 Stab: Sleeping          |     1 |       |       |       ||     1
Armor: Robe              |     6 |       |       |       ||     6
       Plate armour      |    33 |    46 |   186 |   106 ||   371
       Skin              |       |       |     8 |       ||     8
Dodge: Dodged            |    46 |    29 |   133 |    73 ||   281

Table legend: (Time is in decaauts)
 A = Elapsed time spent in this place.
 B = Non-inter-level travel time spent in this place.
 C = Inter-level travel time spent in this place.
 D = Time resting spent in this place.
 E = Time spent auto-exploring this place.
 F = Levels seen in this place.
 G = Mean time per level.
                   A        B        C        D        E       F      G
               +--------+--------+--------+--------+--------+-----+--------+
         Total |   9173 |   8751 |    422 |      0 |   7129 |  10 |  917.3 |
       Dungeon |   9173 |   8751 |    422 |      0 |   7129 |  10 |  917.3 |
               +--------+--------+--------+--------+--------+-----+--------+

Top non-repeatable levels by time:
     D:6: 1671 daAuts
     D:8: 1179 daAuts
     D:7: 1176 daAuts
     D:5: 1057 daAuts
     D:2: 928 daAuts
     D:4: 855 daAuts
     D:3: 791 daAuts
     D:1: 681 daAuts
     D:9: 609 daAuts
    D:10: 222 daAuts
